 Dungeon Crawl Stone Soup version 0.18.1-48-g4cf74bf (webtiles) character file.

194 Abalos the Covered (level 5, -1/47 HPs)
             Began as a Minotaur Fighter on Aug 21, 2016.
             Killed by nerve-wracking pain
             ... invoked by an orc priest
              (2 damage)
             ... on level 4 of the Dungeon.
             The game lasted 00:07:12 (2768 turns).

Abalos the Covered (Minotaur Fighter)               Turns: 2768, Time: 00:07:12

Health: -1/47      AC: 13    Str: 21    XL:     5   Next: 44%
Magic:  4/4        EV:  5    Int:  5    God:
Gold:   154        SH:  9    Dex: 10    Spells: 0 memorised, 4 levels left

rFire  + . .     SeeInvis .     a - +1 war axe
rCold  . . .     Gourm    .     r - +0 plate armour (curse)
rNeg   . . .     Faith    +     c - +0 shield
rPois  .         Spirit   .     (helmet restricted)
rElec  .         Dismiss  .     (no cloak)
rCorr  .         Reflect  .     u - +0 pair of gloves
SustAt .         Harm     .     (no boots)
MR     .....                    t - amulet of faith
Stlth  ..........               (no ring)
                                l - ring of protection from fire

@: lethally poisoned (-1 -> -5), not resistant to hostile enchantments,
extremely unstealthy
A: retaliatory headbutt, horns 2
a: no special abilities


You were on level 4 of the Dungeon.
You were not hungry.

You visited 1 branch of the dungeon, and saw 4 of its levels.

You collected 154 gold pieces.

Inventory:

Hand Weapons
 a - a +1 war axe (weapon)
 m - a +2 hunting sling of flaming
 y - a +0 great mace
Missiles
 i - 4 javelins of returning (quivered)
Armour
 b - a +0 scale mail
 c - a +0 shield (worn)
 h - a +0 robe
 r - a cursed +0 plate armour (worn)
 u - a +0 pair of gloves (worn)
Jewellery
 l - a ring of protection from fire (left hand)
 t - an amulet of faith (around neck)
Wands
 w - a wand of flame (17/48)
Scrolls
 g - 8 scrolls of identify
 n - a scroll of noise {unknown}
 v - 2 scrolls of blinking {unknown}
Potions
 d - a potion of invisibility {unknown}
 e - 2 potions of brilliance
 f - a potion of degeneration {unknown}
 j - a potion of curing
 s - a potion of cure mutation {unknown}
 x - a potion of heal wounds {unknown}
Comestibles
 k - 2 meat rations
 p - 2 beef jerkies
 q - a bread ration


   Skills:
 + Level 4.3 Fighting
 + Level 3.1 Axes
 + Level 4.7 Armour
 + Level 2.6 Dodging
 + Level 1.1 Stealth
 + Level 4.6 Shields


You had 4 spell levels left.
You didn't know any spells.

Dungeon Overview and Level Annotations

Branches:
Dungeon (4/15)
 Temple: D:4-7

Altars:
Zin

Shops:
D:2 *


Innate Abilities, Weirdness & Mutations

You reflexively headbutt those who attack you in melee.
You have a pair of horns on your head.


Message History

You kill the hound!
Your Axes skill increases to level 3!
You hit the scorpion.
The scorpion is severely wounded.
Your shield and plate armour prevent you from hitting the orc priest.
You slash the orc!
You kill the orc!
You feel sick. The scorpion stings you.
* * * LOW HITPOINT WARNING * * *
The orc priest hits you but does no damage.
You block the scorpion's attack.
You hit the orc priest. Your headbutt misses the orc priest.
The orc priest is heavily wounded.
Your shield and plate armour prevent you from hitting the scorpion.
The scorpion is severely wounded.
The scorpion stings you.
* * * LOW HITPOINT WARNING * * *
The orc priest mumbles some strange prayers to Beogh against you.
Pain shoots through your body!
You die...

#.........#
#.........###
#............
#.........# #####
#.........#######....
###
#......[..........###
...###.....#.(.......#
#.###§#####.........#
#..§§§@..##...(.....##
#..§§so).##....#.....#
#..§§§§..##..........#
##..o§...##....#.....#
#.....#####....#.....#
#.###.# #....#.....#
#. #.# ..... ##.#.##
#. #.# .##. .#.# #o
#.. ## .#..


You could see a scorpion and an orc priest.

Vanquished Creatures
  An orc priest (D:3)
  A hound (D:4)
  Terence (D:3)
  Robin (D:2)
  2 adders
  2 oozes
  A worm (D:3)
  2 dart slugs
  4 orcs
  A ball python (D:4)
  8 bats
  4 giant cockroaches
  12 goblins
  8 hobgoblins
  A quokka (D:3)
  A giant gecko skeleton (D:4)
  2 giant newts
  4 kobolds
  2 rats
58 creatures vanquished.

Notes
Turn   | Place    | Note
--------------------------------------------------------------
     0 | D:1      | Abalos the Minotaur Fighter began the quest for the Orb.
     0 | D:1      | Reached XP level 1. HP: 19/19 MP: 0/0
   362 | D:1      | Reached XP level 2. HP: 24/27 MP: 1/1
  1247 | D:2      | Reached skill level 1 in Dodging
  1429 | D:2      | Noticed Robin
  1430 | D:2      | Reached XP level 3. HP: 33/33 MP: 2/2
  1437 | D:2      | Killed Robin
  1466 | D:2      | Found Zin's Purification Station.
  1469 | D:2      | Found a glowing silver altar of Zin.
  1856 | D:3      | Reached XP level 4. HP: 40/40 MP: 3/3
  2262 | D:3      | Reached skill level 1 in Stealth
  2485 | D:3      | Noticed Terence
  2499 | D:3      | Killed Terence
  2499 | D:3      | Reached XP level 5. HP: 46/46 MP: 4/4
  2768 | D:4      | HP: 1/47 [scorpion (3)]
  2768 | D:4      | Killed from afar by an orc priest

Skill      XL: |  1  2  3  4  5 |
---------------+----------------+-----
Fighting       | 4 |  4.3
Dodging        | 1 2 |  2.6
Shields        | 4 |  4.6
Armour         | 4 |  4.7
Stealth        | 1 |  1.1
Axes           | 3 |  3.1

Action                   |  1- 3 |  4- 6 || total
-------------------------+-------+-------++-------
Melee: War axe           |    62 |    46 ||   108
       Headbutt          |    10 |     9 ||    19
Throw: Javelin           |     1 |       ||     1
  Use: Scroll            |     3 |     1 ||     4
       Potion            |     1 |     1 ||     2
  Eat: Meat ration       |     1 |       ||     1
       Bread ration      |     1 |       ||     1
Armor: Scale mail        |    32 |     1 ||    33
       Robe              |    19 |       ||    19
       Plate armour      |       |    29 ||    29
Dodge: Dodged            |    42 |     7 ||    49
Block: Shield            |    57 |    40 ||    97
